 Dungeon Crawl Stone Soup version 0.17-a0-1570-g74b7129 (webtiles) character file.

1505 urechis the Grappler (level 8, -4/83 HPs)
             Began as a Troll Monk on July 23, 2015.
             Killed by nerve-wracking pain
             ... invoked by an orc priest
              (10 damage)
             ... on level 7 of the Dungeon.
             The game lasted 00:06:21 (4281 turns).

urechis the Grappler (Troll Monk)                   Turns: 4281, Time: 00:06:21

Health: -4/83      AC:  8    Str: 22    XL:     8   Next: 52%
Magic:  7/7        EV: 10    Int:  6    God:
Gold:   232        SH:  0    Dex: 12    Spells: 0 memorised, 7 levels left

rFire  . . .     SeeInvis .       - Unarmed
rCold  . . .     Clarity  .     D - +1 robe {Archmagi}
rNeg   + . .     SustAt   .     (no shield)
rPois  +         Gourm    +     (helmet restricted)
rElec  .         Spirit   .     z - +1 cloak
rCorr  .         Warding  +     (gloves unavailable)
rMut   .         Stasis   .     (boots unavailable)
MR     .....                    c - amulet of warding
Stlth  +.........               (no ring)
                                u - ring of poison resistance

@: not resistant to hostile enchantments, very unstealthy
A: unfitting armour, claws 3, fast metabolism 3, gourmand, regeneration 2,
shaggy fur 1, tough skin 2
a: no special abilities


You were on level 7 of the Dungeon.
You were very full.

You visited 2 branches of the dungeon, and saw 8 of its levels.

You collected 232 gold pieces.

Inventory:

Missiles
 e - 6 tomahawks (quivered)
 s - 36 poisoned needles
 w - 5 needles of slowing
Armour
 z - a +1 cloak (worn)
 D - a +1 robe of the Archmagi (worn)
Jewellery
 c - an amulet of warding (around neck)
 u - a ring of poison resistance (left claw)
Magical devices
 E - a wand of fireball (5)
Scrolls
 a - a scroll of teleportation {unknown}
 d - a scroll of blinking {unknown}
 g - a scroll of fear {unknown}
 h - a scroll of noise {unknown}
 l - a scroll of magic mapping {unknown}
 n - 2 scrolls of enchant armour {unknown}
 p - 8 scrolls of identify {unknown}
 q - a scroll of random uselessness {unknown}
 v - 3 scrolls of amnesia {unknown}
 x - 2 scrolls of remove curse {unknown}
 y - a scroll of fog {unknown}
 A - 2 scrolls of enchant weapon {unknown}
 F - a scroll of acquirement {unknown}
Potions
 f - 2 potions of agility {unknown}
 j - a potion of curing {unknown}
 m - a potion of brilliance {unknown}
 t - a potion of cure mutation {unknown}
 C - a potion of degeneration {unknown}
Comestibles
 b - 6 bread rations
 i - 2 beef jerkies
 k - a royal jelly
 o - 3 meat rations
 r - a slice of pizza


   Skills:
 + Level 5.7 Fighting
 - Level 2.4 Dodging
 - Level 1.1 Stealth
 * Level 9.6 Unarmed Combat


You had 7 spell levels left.
You didn't know any spells.

Dungeon Overview and Level Annotations

Branches:
Dungeon (7/15)             Temple (1/1) D:4

Altars:
Ashenzari
Cheibriados
Dithmenos
Elyvilon
Fedhas
Gozag
Makhleb
Nemelex Xobeh
Okawaru
Qazlal
Ru
Vehumet
Xom
Yredelemnul
Zin
The Shining One

Shops:
D:7 (


Innate Abilities, Weirdness & Mutations

You are too large for most types of armour.
You have claws for hands.
Your metabolism is lightning-fast.
You like to eat raw meat.
You heal very quickly.
You are covered in fur (AC +1).
You have very tough skin (AC +2).


Message History

The orc warrior is severely wounded.
The orc hits you but does no damage. x2
The orc priest barely misses you.
There are monsters nearby!
You scratch the orc warrior but do no damage.
The orc warrior is severely wounded.
The orc warrior closely misses you. The orc completely misses you.
The orc closely misses you.
The orc priest hits you but does no damage.
You scratch the orc priest.
The orc priest begins to bleed from its wounds!
The orc priest is moderately wounded.
The orc priest calls down the wrath of Beogh upon you.
Something smites you!
* * * LOW HITPOINT WARNING * * *
The orc warrior hits you with a flail!
* * * LOW HITPOINT WARNING * * *
The orc priest invokes the aid of Beogh against you.
Pain shoots through your body!
You die...

#.##### #.#...#
#############
##.....###............
....................#
#.....# #.####.####.#
#.....# #.#....# #..
#.o.s# #.#.##.# ##.
#.##..oo####......# #.
#....o.@##........# #.
#####.............# #.
#+#...........#####.
#..............###
####...........###
#.###.รท).......
...............
########......##
#..<...##


You could see an orc warrior (bleeding), a scorpion, an orc priest (bleeding)
and 2 orcs.

Vanquished Creatures
  A phantom (D:5)
  An ogre (D:4)
  A necrophage (D:5)
  2 centaurs
  2 giant frogs
  Blork the orc (D:6)
  A scorpion (D:6)
  4 crimson imps (D:5)
  A jelly (D:6)
  3 hounds
  Crazy Yiuf (D:3)
  A giant frog skeleton (D:4)
  6 orc wizards
  4 worker ants
  Terence (D:2)
  2 gnolls (D:6)
  3 adders
  4 river rats (D:6)
  2 shadow imps
  An ooze (D:4)
  An adder skeleton (D:6)
  3 worms
  7 giant geckos
  9 orcs
  A ball python (D:4)
  7 bats
  2 bat skeletons
  5 giant cockroaches
  7 hobgoblins
  4 quokkas
  4 giant newts
  7 goblins
  4 jackals (D:4)
  11 kobolds
  8 rats
  A plant (D:6)
123 creatures vanquished.

Notes
Turn   | Place    | Note
--------------------------------------------------------------
     0 | D:1      | urechis the Troll Monk began the quest for the Orb.
     0 | D:1      | Reached XP level 1. HP: 22/22 MP: 0/0
   158 | D:1      | Reached XP level 2. HP: 26/29 MP: 1/1
  1011 | D:2      | Noticed Terence
  1021 | D:2      | Killed Terence
  1021 | D:2      | Reached XP level 3. HP: 33/37 MP: 2/2
  1383 | D:2      | Reached skill level 5 in Unarmed Combat
  1564 | D:3      | Reached XP level 4. HP: 41/45 MP: 3/3
  1840 | D:3      | Found a radiant altar of Vehumet.
  1853 | D:3      | Noticed Crazy Yiuf
  1868 | D:3      | Killed Crazy Yiuf
  1868 | D:3      | Reached XP level 5. HP: 22/53 MP: 4/4
  2000 | D:4      | Reached skill level 6 in Unarmed Combat
  2063 | D:4      | Noticed an ogre
  2072 | D:4      | Killed an ogre
  2072 | D:4      | Reached XP level 6. HP: 35/62 MP: 5/5
  2260 | D:4      | Found a staircase to the Ecumenical Temple.
  2293 | Temple   | Entered the Ecumenical Temple
  2558 | D:5      | Entered Level 5 of the Dungeon
  2733 | D:5      | Found a basalt altar of Yredelemnul.
  2761 | D:5      | Reached skill level 7 in Unarmed Combat
  2766 | D:5      | Found a glowing silver altar of Zin.
  2928 | D:5      | Reached XP level 7. HP: 66/71 MP: 6/6
  2994 | D:5      | Found a shimmering altar of Xom.
  3380 | D:6      | Reached skill level 8 in Unarmed Combat
  3429 | D:6      | Noticed Blork the orc
  3435 | D:6      | Killed Blork the orc
  3515 | D:6      | Reached skill level 5 in Fighting
  3560 | D:6      | Reached XP level 8. HP: 76/80 MP: 7/7
  3754 | D:6      | Reached skill level 9 in Unarmed Combat
  4060 | D:7      | Found Ucentiap's Weapon Shop.
  4281 | D:7      | Killed from afar by an orc priest

Vault maps used:
D:1:      wheals_arrival_shading
D:2:      uniq_terence
D:3:      vehumet_crystals, hex_intersection, uniq_crazy_yiuf_cottage
D:4:      minmay_temple_entry_nine_rooms, first_bread, minmay_misc_feat_square
D:5:      led_xom_imps, grunt_temple_overflow_open
D:6:      wad_woods_tower, kennysheep_generic_room_9, uniq_blork_the_orc
D:7:      kennysheep_mini, serial_shops, nicolae_shop_trees
Temple:   eino_temple_water_12

Action                   |  1- 3 |  4- 6 |  7- 9 || total
-------------------------+-------+-------+-------++-------
Melee: Unarmed           |   103 |   120 |   164 ||   387
 Stab: Sleeping          |     1 |     3 |     1 ||     5
  Eat: Chunk             |    10 |    14 |    17 ||    41
       Fruit             |       |     2 |     1 ||     3
